 Dungeon Crawl Stone Soup version 0.32-a0-17-gb74e046682 (webtiles) character file.

Game seed: 9202315191419219519

1801432 bakla the Holy Warrior (level 26, 135/155 HPs)
             Began as a Felid Ice Elementalist on Jan 15, 2024.
             Was a Priest of the Shining One.
             Escaped with the Orb
             ... and 3 runes on Jan 16, 2024!
             The game lasted 02:30:41 (60036 turns).

bakla the Holy Warrior (Felid Ice Elementalist)    Turns: 60036, Time: 02:30:42

Health: 135/155    AC: 12    Str: 16    XL:     26   Next: 58%
Magic:  43/43      EV: 63    Int: 20    God:    the Shining One [***...]
Gold:   6135       SH:  0    Dex: 20    Spells: 19/33 levels left
                                        Lives:  2   Deaths: 5

rFire   + .          .
                       - Unarmed
rCold   + . .        (shield unavailable)
rNeg    + . .        (body armour unavailable)
rPois   ∞            (helmet unavailable)
rElec   +            (cloak unavailable)
rCorr   .            (gloves unavailable)
SInv    +            (boots unavailable)
Will    ++++.        g - amulet of regeneration
Stlth   +            v - ring of Uquehi {Fly rF+ Will+}
HPRegen 1.25/turn    C - ring of the Blind Eye {rC+ EV+5 Str+4}
MPRegen 0.28/turn

%: no passive effects
@: storm-form, flying, glowing, studying Dodging
A: cleaving, insubstantial, flying, very small, (claws 1), (fangs 3), see
invisible, (shaggy fur 3), (stealthy paws), no weapons or thrown items, no
armour, multi-lived, high MP 1, sense surroundings 1, (poison resistance)
0: Orb of Zot
}: 3/15 runes: decaying, serpentine, silver
a: Blinkbolt, Begin Untransformation, Renounce Religion, Divine Shield,
Cleansing Flame


You escaped.
You worshipped the Shining One.
The Shining One was most pleased with you.
You were a lightning-filled tempest!
You visited 10 branches of the dungeon, and saw 48 of its levels.
You also visited: Ossuary, Bailey and Volcano.

You collected 9645 gold pieces.
You spent 3510 gold pieces at shops.

Inventory:

Jewellery
 g - an amulet of regeneration (around neck)
 l - the ring "Ziupon" {Fire rCorr}
   (You found it on level 1 of the Vaults)

   [ring of fire]

   Fire:      It enhances your fire magic.
   rF+:       It protects you from fire.
   rC-:       It makes you vulnerable to cold.
   rCorr:     It protects you from acid and corrosion.
 p - the amulet "Ethoc" {Faith Harm Will- SInv Stlth-}
   (You found it on level 1 of the Vaults)

   [amulet of faith]

   Faith:     It allows you to gain divine favour quickly.
   Will-:     It decreases your willpower.
   SInv:      It lets you see invisible.
   Harm:      It increases damage dealt and taken.
   Stlth-:    It makes you less stealthy.
 v - the ring of Uquehi (left paw) {Fly rF+ Will+}
   (You acquired it in a bailey)

   [ring of flight]

   rF+:       It protects you from fire.
   Will+:     It increases your willpower.
   Fly:       It grants you flight.
 z - a ring of protection from fire
 C - the ring of the Blind Eye (right paw) {rC+ EV+5 Str+4}
   (You acquired it on level 2 of the Lair of Beasts)

   [ring of evasion]

   EV+5:      It affects your evasion (+5).
   Str+4:     It affects your strength (+4).
   rC+:       It protects you from cold.
 M - a ring of willpower
Talismans
 P - a storm talisman (active)
Wands
 w - a wand of roots (79)
 y - a wand of digging (15)
 B - a wand of charming (26)
 J - a wand of flame (61)
 L - a wand of polymorph (12)
 Q - a wand of light (12)
 R - a wand of mindburst (33)
Scrolls
 c - 10 scrolls of teleportation
 e - 10 scrolls of blinking
 h - 9 scrolls of vulnerability
 n - 4 scrolls of noise
 o - 11 scrolls of poison
 s - 9 scrolls of amnesia
 u - 9 scrolls of immolation
 D - 2 scrolls of revelation
 E - 12 scrolls of fear
 I - 4 scrolls of fog
 K - 25 scrolls of identify
 V - a scroll of summoning
Potions
 b - 4 potions of heal wounds
 d - 11 potions of enlightenment
 f - 2 potions of berserk rage
 i - 11 potions of attraction
 j - 9 potions of haste
 k - 6 potions of lignification
 m - 27 potions of curing
 q - 4 potions of ambrosia
 r - 10 potions of might
 t - 10 potions of mutation
 x - 7 potions of brilliance
 F - 5 potions of cancellation
 G - 5 potions of magic
 H - 6 potions of invisibility
 W - 2 potions of resistance
Miscellaneous
 a - a box of beasts
 A - a tin of tremorstones (2/2)
 N - a lightning rod (4/4)
 Y - a phial of floods
 Z - a phantom mirror


   Skills:
 - Level 21.0 Fighting
 - Level 23.4 Dodging
 - Level 2.6 Stealth
 - Level 21.0 Unarmed Combat
 - Level 4.0 Spellcasting
 - Level 3.0 Summonings
 - Level 5.0 Necromancy
 - Level 4.0 Ice Magic
 + Level 23.5 Invocations
 - Level 23.0 Shapeshifting


You had 19 spell levels left.
You knew the following spells:

 Your Spells              Type           Power      Damage    Failure   Level
a - Freeze                Ice            80%        1d9       2%          1
b - Frozen Ramparts       Ice            40%        1d7       8%          3
c - Summon Ice Beast      Ice/Summ       18%        N/A       9%          3
d - Ozocubu's Armour      Ice            20%        N/A       8%          3
e - Apportation           Tloc           8%         N/A       13%         1
f - Fugue of the Fallen   Necr           24%        N/A       4%          3

Your spell library contained the following spells:

 Spells                   Type           Power      Damage    Failure   Level
 Necrotise                Necr           96%        1d8       1%          1
 Vampiric Draining        Necr           24%        2d7       4%          3
 Call Imp                 Summ           32%        N/A       5%          2
 Ensorcelled Hibernation  Hex/Ice        24%        N/A       9%          2
 Call Canine Familiar     Summ           16%        N/A       11%         3
 Foxfire                  Conj/Fire      16%        2x1d4     13%         1
 Magic Dart               Conj           16%        1d3       13%         1
 Sandblast                Erth           8%         2d5       13%         1
 Shock                    Conj/Air       16%        1d4       13%         1
 Slow                     Hex            16%        N/A       13%         1
 Animate Dead             Necr           24%        N/A       16%         4
 Hailstorm                Conj/Ice       12%        3d6       17%         3
 Blink                    Tloc           8%         N/A       19%         2
 Jinxbite                 Hex            8%         N/A       19%         2
 Scorch                   Fire           8%         2d5       19%         2
 Martyr's Knell           Necr/Summ      20%        N/A       24%         4
 Confusing Touch          Hex            4%         N/A       36%         3
 Dazzling Flash           Conj/Hex       8%         N/A       36%         3
 Inner Flame              Hex/Fire       4%         N/A       36%         3
 Mephitic Cloud           Conj/Alch/Air  4%         N/A       36%         3
 Passwall                 Erth           4%         N/A       36%         3
 Sigil of Binding         Hex            4%         N/A       36%         3
 Swiftness                Air            4%         N/A       36%         3
 Volatile Blastmotes      Fire/Tloc      8%         2d10      36%         3
 Anguish                  Hex/Necr       7%         N/A       41%         4
 Curse of Agony           Necr           24%        N/A       41%         5
 Summon Lightning Spire   Summ/Air       10%        N/A       56%         4
 Cause Fear               Hex            2%         N/A       77%         4
 Flame Wave               Conj/Fire      4%         2d5       77%         4
 Fulminant Prism          Conj/Alch      2%         3d5       77%         4
 Ignite Poison            Fire/Alch      4%         N/A       77%         4
 Iskenderun's Mystic Bla  Conj/Tloc      4%         2d3       77%         4
 Manifold Assault         Tloc           4%         N/A       77%         4
 Olgreb's Toxic Radiance  Alch           4%         N/A       77%         4
 Petrify                  Alch/Erth      4%         N/A       77%         4
 Sticky Flame             Fire/Alch      4%         2d4       77%         4
 Vhi's Electric Charge    Tloc/Air       8%         N/A       77%         4
 Summon Forest            Summ/Tloc      5%         N/A       88%         5
 Freezing Cloud           Conj/Ice/Air   4%         6-21      91%         5
 Alistair's Intoxication  Alch           2%         N/A       98%         5
 Arcjolt                  Conj/Air       2%         1d12      98%         5
 Fireball                 Conj/Fire      2%         3d4       98%         5
 Irradiate                Conj/Alch      2%         3d12      98%         5
 Iskenderun's Battlesphe  Conj           4%         2d6       98%         5
 Lee's Rapid Deconstruct  Erth           2%         3d4*      98%         5
 Silence                  Hex/Air        2%         N/A       98%         5
 Summon Cactus Giant      Summ           8%         N/A       99%         6
 Bombard                  Conj/Erth      2%         9d1       100%        6
 Eringya's Noxious Bog    Alch           2%         4d6       100%        6
 Plasma Beam              Fire/Air       2%         2x1d12    100%        6
 Sculpt Simulacrum        Ice/Alch       6%         N/A       100%        6
 Starburst                Conj/Fire      2%         6d3       100%        6
 Enfeeble                 Hex            2%         N/A       100%        7
 Haunt                    Necr/Summ      10%        N/A       100%        7
 Spellforged Servitor     Conj/Summ      5%         N/A       100%        7
 Summon Hydra             Summ           8%         N/A       100%        7
 Borgnjor's Revivificati  Necr           12%        N/A       100%        8
 Ignition                 Fire           2%         3d3       100%        8
 Infestation              Necr           12%        N/A       100%        8
 Death's Door             Necr           12%        N/A       100%        9
 Dragon's Call            Summ           8%         N/A       100%        9
 Shatter                  Erth           2%         3d6*      100%        9
 Sublimation of Blood     Necr           Unusable   N/A       N/A         2
 Animate Armour           Summ/Erth      Unusable   N/A       N/A         4
 Dimensional Bullseye     Hex/Tloc       Unusable   N/A       N/A         4

Dungeon Overview and Level Annotations

Branches:
Dungeon (15/15)            Temple (1/1) D:6            Lair (5/5) D:8
  Swamp (4/4) Lair:3        Snake (4/4) Lair:2        Slime (0/5) Lair:4
    Orc (2/2) D:11            Elf (3/3) Orc:2        Vaults (5/5) D:14
  Crypt (0/3) Vaults:2     Depths (4/4) D:15            Zot (5/5) Depths:4
Ossuary (visited)          Bailey (visited)         Volcano (visited)

Altars:
Ashenzari
Cheibriados
Dithmenos
Elyvilon
Fedhas
Gozag
Hepliaklqana
Kikubaaqudgha
Makhleb
Nemelex Xobeh
Okawaru
Qazlal
Ru
Sif Muna
Trog
Uskayaw
Vehumet
Wu Jian
Xom
Yredelemnul
Zin
The Shining One
Jiyva

Shops:
D:6 (   D:11 !   Orc:2 (:[*   Elf:1 (=*   Snake:4 =   Vaults:1 *   Vaults:2 [
Vaults:3 :*   Vaults:4 [[=[   Depths:1 ((

Portals:
Hell: Depths:1 Depths:2 Depths:3 Depths:4
Abyss: Depths:2 Depths:3 Depths:4
Pandemonium: Depths:2
Ziggurat: Depths:2

Annotations:
D:6 1 runed translucent door, Crazy Yiuf
Lair:5 exclusion: obsidian statue
Swamp:2 2 transporters, CougarLife's ghost, adept GnFi
Snake:4 2 transporters, Yschutux's ghost, adept DrMo
Elf:2 3 runed translucent doors
Elf:3 1 transporter, tmcgee265's ghost, adept FoBr
Depths:1 3 runed translucent doors, Fiun's ghost, veteran GnWn
Depths:2 exclusions: 2 daevas and 3 more exclusions
Depths:4 2 runed translucent doors


Innate Abilities, Weirdness & Mutations

You are a lightning-filled tempest!
Your electrical attacks strike out in all directions at once.
You are incredibly evasive.
Your insubstantial body is immune to petrification, constriction, and being set on fire You are flying.
You are immune to poison.
((You have sharp claws.))
((You have razor-sharp teeth.))
You have supernaturally acute eyesight. (SInv)
((Your thick and shaggy fur keeps you warm. (AC +3, rC+)))
((Your paws help you pounce on unaware monsters.))
You are incapable of wielding weapons or throwing items.
You cannot wear armour.
You gain extra lives every three experience levels.
You have an increased reservoir of magic. (+10% MP)
You passively map a small area around you.
((Your system is resistant to poisons. (rPois)))


Message History

You blast the glowing orange brain!!!!
You kill the glowing orange brain!
The Shining One accepts your kill.
You feel better.
You feel your power returning.
The ball python dissolves into shadows!
The kobold dissolves into shadows!
You hear a roar!
You blast the Orb Guardian!!!!
The Orb Guardian is almost dead.
You hear a horrible gurgling sound!
The Orb Guardian completely misses you.
You batter the Orb Guardian!!
You kill the Orb Guardian!
A chaos spawn comes into view.
You hit the chaos spawn but do no damage.
You are no longer corroded.
The chaos spawn completely misses you.
You batter the chaos spawn!!
You kill the chaos spawn!
The Shining One accepts your kill.
You feel better.
The chaos spawn degenerates into a cloud of primal chaos!
You start resting.
A Tzitzimitl comes into view.
You blast the Tzitzimitl!!!
The Tzitzimitl is heavily wounded.
You batter the Tzitzimitl!! You punch the Tzitzimitl!
The Tzitzimitl is almost dead.
The Tzitzimitl misses you. The Tzitzimitl completely misses you.
You buffet the Tzitzimitl!
You kill the Tzitzimitl!
The Shining One accepts your kill.
There is a dry fountain here.
A blizzard demon comes into view.
The blizzard demon shouts!
The blizzard demon completely misses you. x2
The blizzard demon completely misses you. x2
The blizzard demon attacks as it pursues you!
The blizzard demon completely misses you. x2
There is a staircase leading out of the dungeon here.
You have escaped!

#.###...###.###.##...
#.#.......#.# #.##...
#.#.⌠.#.⌠.#.# #.##...
#.....#.....###.##..#
#)...###....#........
####..#..####........
#..')....'..#...#.#..
#..##.'###..#.#.#.###
#..#v2...#..#.#.#.###
#####..######.#.#...#
##.## #.#.#.... #..#
#.#...#.. #.#.##
#.#.##### #.##..#
##### #.# ###.# ##*
##


You could see a blizzard demon.

Vanquished Creatures
  A pandemonium lord (D:1)
  Frederick (Vaults:5)
  A seraph (D:1)
  6 orbs of fire
  2 ancient liches
  5 dread liches
  A juggernaut (Depths:3)
  Bai Suzhen (Snake:4)
  6 Killer Klowns (Zot:5)
  2 caustic shrikes (Depths:3)
  2 curse toes
  The ghost of Qecvurom the Warrior, an adept DrRe of Fedhas (Vaults:1)
  21 golden dragons
  A bone dragon (Depths:4)
  3 electric golems
  4 Tzitzimimeh (D:1)
  The ghost of Doesme the Severer, an adept GnCA of Ignis (Vaults:1)
  Rupert (D:14)
  4 Brimstone Fiends
  19 tentacled monstrosities
  2 walking crystal tomes (Zot:2)
  The ghost of Jabb the Severer, an adept DsGl of Jiyva (Elf:2)
  2 Hell Sentinels (D:1)
  A walking frostbound tome (Zot:2)
  6 liches
  4 titans (Vaults:5)
  An Ice Fiend (D:1)
  A deep elf master archer (Elf:3)
  2 walking divine tomes
  32 Orb Guardians
  13 death cobs
  6 sphinxes
  2 Executioners (D:1)
  5 quicksilver dragons
  3 thorn hunters
  5 nagarajas (Snake:4)
  Frances (Swamp:1)
  6 shadow dragons
  A revenant (Vaults:2)
  Roxanne (Swamp:1)
  4 draconian knights
  6 protean progenitors
  6 draconian monks
  6 tengu reavers
  9 fire giants
  6 frost giants
  4 narguns (Zot:2)
  17 vault wardens
  13 storm dragons
  Aizul (Snake:1)
  5 draconian scorchers
  5 deep elf sorcerers
  5 draconian shifters
  3 deep elf elementalists
  3 ghouls (Swamp:3)
  4 ghost moths
  Louise (Swamp:1)
  An orc warlord (Vaults:3)
  A broodmother (Zot:4)
  An iron dragon (Depths:3)
  2 cacodemons
  2 balrugs
  2 angels (D:1)
  39 very ugly things
  2 draconian annihilators (Zot:4)
  A spriggan defender (Depths:2)
  15 ironbound preservers
  5 green draconians
  10 ironbound thunderhulks
  5 vampire knights
  6 deep elf demonologists
  14 stone giants
  8 deep elf death magi
  22 red draconians
  3 eleionomae (Swamp:3)
  10 deep elf annihilators
  9 black draconians
  10 yellow draconians
  8 dire elephants
  9 white draconians
  7 bunyips
  5 purple draconians
  A war gargoyle (Vaults:2)
  9 spark wasps
  15 ettins
  2 green deaths
  2 jiangshi (Depths:2)
  7 deep elf high priests (Elf:3)
  A shambling mangrove (Swamp:4)
  4 entropy weavers
  15 fire dragons
  13 yaktaur captains
  35 vault guards
  A salamander tyrant (Snake:4)
  22 hydras
  2 rakshasas (Depths:3)
  12 ice dragons
  A ghost crab (Swamp:2)
  4 great orbs of eyes
  3 spriggan air magi
  2 jorogumos (Zot:2)
  2 sphinx zombies (D:15)
  A hell beast (D:6)
  3 catoblepae
  8 ironbound frosthearts
  6 alligators
  2 centaur warriors (D:11)
  3 ogre magi
  A two-headed ogre (shapeshifter) (Vaults:5)
  8 deep troll shamans
  5 boulder beetles
  12 two-headed ogres
  17 naga warriors
  3 hell hogs (Depths:1)
  A merfolk aquamancer (D:12)
  9 anacondas
  21 dancing weapons
  7 tengu warriors
  2 satyrs (Zot:5)
  3 vampire magi
  10 deep troll earth magi
  2 occultists
  2 orc high priests
  6 death yaks (Lair:5)
  3 shock serpents
  5 sun demons
  4 spriggan berserkers
  10 soul eaters
  4 spriggans
  A storm dragon zombie (D:15)
  11 hell knights
  12 deep elf knights
  13 naga sharpshooters
  4 skysharks
  2 spectral death yaks (Lair:5)
  12 iron trolls
  2 sixfirhies (Depths:2)
  3 salamander mystics
  A spectral anaconda (Lair:5)
  A goliath frog (shapeshifter) (Vaults:5)
  A deep troll (shapeshifter) (Elf:3)
  8 goliath frogs
  4 spriggan druids
  2 obsidian statues
  5 skeletal warriors
  2 swamp dragons (shapeshifter)
  Lodul (D:14)
  13 swamp dragons
  55 deep trolls
  6 glowing orange brains
  2 mana vipers (shapeshifter)
  6 flayed ghosts
  8 mana vipers
  An orb spider (shapeshifter) (Vaults:5)
  8 arcanists
  2 anaconda skeletons (Volcano)
  A golden dragon skeleton (Vaults:2)
  13 deep elf pyromancers
  5 lindwurms
  14 ironbound convokers
  3 deep elf archers
  9 orc knights
  4 naga ritualists
  3 phantasmal warriors (Vaults:5)
  2 bog bodies
  18 necromancers
  A sea snake (shapeshifter) (Elf:3)
  3 will-o-the-wisps
  An iron dragon zombie (Depths:1)
  3 tengu skeletons
  3 wolf spider zombies (D:13)
  11 deep elf zephyrmancers
  4 orc sorcerers
  46 ugly things
  A shadow dragon skeleton (Depths:1)
  6 cyclopes
  2 alligator skeletons (Volcano)
  3 manticores
  6 meliai (D:13)
  30 salamanders
  A meliai (shapeshifter) (Vaults:5)
  31 moths of wrath
  2 centaur zombies (D:13)
  6 spectral centaurs (D:13)
  A kobold blastminer (Orc:2)
  16 vault sentinels
  A guardian serpent (Snake:4)
  38 black mambas
  17 slime creatures
  2 water nymphs (D:12)
  15 naga magi
  20 elephants
  12 cane toads
  An iron dragon skeleton (Depths:1)
  3 rust devils
  5 centaur skeletons (D:13)
  5 gargoyles (Volcano)
  6 orange demons
  2 cane toads (shapeshifter)
  A dire elephant skeleton (Lair:5)
  An unseen horror (D:11)
  4 large abominations (D:1)
  7 smoke demons
  2 torpor snails (Lair:5)
  2 hellions
  A kobold demonologist (D:10)
  4 rime drakes
  A komodo dragon (shapeshifter) (D:13)
  37 yaktaurs
  An unseen horror (shapeshifter) (D:13)
  6 komodo dragons
  2 tengu conjurers
  2 ice devils (D:1)
  2 efreet
  7 tormentors
  9 trolls
  5 freezing wraiths
  A red devil (Depths:3)
  2 bloated husks (Swamp:2)
  A troll (shapeshifter) (D:15)
  10 hornets
  3 hellwings (D:1)
  8 tyrant leeches
  A wolf spider simulacrum (D:13)
  A polar bear (Lair:1)
  A tengu simulacrum (Depths:1)
  2 spectral meliai (D:13)
  3 blink frogs (Lair:4)
  2 glass eyes (Depths:2)
  3 harpy skeletons (Volcano)
  7 dream sheep (Lair:4)
  An ettin zombie (Vaults:2)
  2 air elementals
  6 centaur simulacra
  An ettin skeleton (Vaults:1)
  2 water elementals
  2 wraiths
  2 culicivoras (Vaults:2)
  6 wyverns
  3 vampires
  A spriggan (shapeshifter) (Elf:3)
  A shadow (D:12)
  48 yaks
  21 fire elementals
  2 hogs (shapeshifter)
  4 redbacks
  3 golden eyes (D:14)
  3 death yak simulacra (Lair:5)
  17 vampire mosquitoes
  4 steam dragons
  7 basilisks
  5 wargs
  2 chaos spawn (D:1)
  24 nagas
  2 spectral cane toads (Lair:5)
  14 swamp worms
  10 water moccasins
  2 acid dragons
  A meliai simulacrum (D:13)
  5 hell hounds (Depths:1)
  46 orc warriors
  7 swamp drakes
  4 elephant zombies (Lair:5)
  4 wolves
  A sky beast (D:7)
  A sky beast (shapeshifter) (Elf:3)
  2 black bears
  2 laughing skulls (Volcano)
  8 boggarts
  3 elephant skeletons (Lair:5)
  11 ogres
  A centaur (shapeshifter) (Elf:3)
  16 centaurs
  A phantom (D:4)
  3 elf zombies
  8 bullfrogs
  2 kobold brigands
  2 weeping skulls
  A human simulacrum (Vaults:2)
  4 earth elementals
  A gnoll sergeant (D:13)
  3 cane toad simulacra (Lair:5)
  4 scorpions
  3 wights (D:6)
  A burial acolyte (Ossuary)
  An elephant simulacrum (Lair:5)
  A spriggan skeleton (Volcano)
  8 killer bees
  A howler monkey (D:3)
  7 electric eels
  A troll skeleton (Volcano)
  5 lava snakes
  4 crimson imps (D:15)
  2 jellies (D:7)
  A bombardier beetle (D:5)
  11 orc priests
  2 hounds
  Natasha (thrice) (D:2)
  A sleepcap (D:5)
  A gnoll bouda (D:7)
  2 iguanas (D:5)
  18 orc wizards
  A boggart skeleton (D:13)
  5 nameless horrors
  2 naga skeletons (Volcano)
  2 mummies (Ossuary)
  14 gnolls
  4 adders
  A shadow imp (D:5)
  A white imp (D:7)
  3 dart slugs
  81 orcs
  3 ball pythons
  4 endoplasms
  5 giant cockroaches
  11 goblins
  7 hobgoblins
  3 jackals (D:1)
  17 kobolds
  4 quokkas
  2 bats (D:1)
  7 frilled lizards
  6 kobold zombies (Ossuary)
  An orc zombie (Ossuary)
  4 rats
  4 aspiring fleshes
  2 butterflies (D:3)
2088 creatures vanquished.

Vanquished Creatures (collateral kills)
  A golden dragon (Depths:2)
  A sphinx (Depths:2)
  A stone giant (Depths:2)
  A merfolk aquamancer (D:12)
  A death yak (Lair:5)
  A tengu warrior (D:15)
  A spriggan berserker (Depths:2)
  A skeletal warrior (Volcano)
  2 necromancers
  An elephant (Lair:2)
  2 komodo dragons
  A torpor snail (Lair:4)
  2 cane toads
  A troll (D:11)
  2 hornets
  6 yaks
  A centaur simulacrum (D:13)
  A wyvern (Lair:1)
  2 basilisks (Lair:1)
  2 vampire mosquitoes
  A water moccasin (Lair:3)
  2 orc warriors (Bailey)
  3 ogres
  2 centaurs
  A bullfrog (Lair:4)
  3 scorpions
  A killer bee (D:8)
  A howler monkey (D:6)
  An electric eel (Lair:4)
  A gnoll bouda (D:7)
  A bombardier beetle (D:5)
  6 orc priests
  3 sleepcaps
  An iguana (D:7)
  3 orc wizards
  2 gnolls (D:7)
  7 orcs
  A goblin (D:9)
  2 kobolds (D:8)
73 creatures vanquished.

Vanquished Creatures (others)
  A lich (Depths:3)
  A fire giant (Vaults:5)
  A naga warrior (Snake:4)
  A deep elf zephyrmancer (Elf:1)
  2 large abominations (D:1)
  A moth of wrath (Zot:5)
  A salamander (Snake:4)
  A kobold blastminer (Orc:2)
  A smoke demon (D:1)
  An air elemental (Elf:3)
  A naga (Snake:4)
  A bullfrog (D:9)
  An orc (D:3)
  14 foxfires
28 creatures vanquished.

Grand Total: 2189 creatures vanquished

Notes
Turn   | Place    | Note
-------+----------+-------------------------------------------
     0 | D:1      | bakla the Felid Ice Elementalist began the quest for the
                  | Orb.
     0 | D:1      | Reached XP level 1. HP: 9/9 MP: 4/4
   242 | D:1      | Reached XP level 2. HP: 14/14 MP: 3/6
   627 | D:1      | You fall into a shaft and drop 1 floor!
   766 | D:1      | Reached skill level 1 in Fighting
   766 | D:1      | Reached skill level 1 in Unarmed Combat
   835 | D:1      | Reached XP level 3. HP: 18/18 MP: 5/7
   839 | D:1      | Learned a level 3 spell: Frozen Ramparts
  1323 | D:2      | Noticed Natasha
  1331 | D:2      | Killed Natasha
  1460 | D:2      | Reached XP level 4. HP: 21/22 MP: 1/8
  1460 | D:2      | Gained a life (2 lives remaining)
  1538 | D:2      | Noticed Natasha
  1553 | D:2      | Killed Natasha
  1571 | D:2      | Noticed Natasha
  1582 | D:2      | Killed Natasha
  1743 | D:2      | Learned a level 3 spell: Summon Ice Beast
  1765 | D:2      | Found an opulent altar of Gozag.
  2196 | D:3      | Reached XP level 5. HP: 16/26 MP: 3/10
  2380 | D:3      | Found a shimmering altar of Xom.
  2387 | D:3      | Identified a scroll of acquirement
  2388 | D:3      | Acquired the amulet of Qudoqacviul {Reflect rPois Dex-3
                  | Slay+3 SH+5 SInv}
  2878 | D:4      | Noticed a phantom
  2950 | D:4      | Reached skill level 1 in Summonings
  3012 | D:4      | Found a sand-covered staircase.
  3017 | Ossuary  | Entered an ossuary
  3052 | Ossuary  | Reached skill level 1 in Shapeshifting
  3052 | Ossuary  | Gained mutation: You are covered in thick fur. (AC +2)
                  | [Felid growth]
  3052 | Ossuary  | Reached XP level 6. HP: 32/32 MP: 5/11
  3460 | D:4      | Identified the +11 trident "Buoquomo" {elec, *Slow rF+
                  | Str-3 Dex+5}
  3504 | D:4      | Reached skill level 5 in Dodging
  3670 | D:4      | Reached XP level 7. HP: 29/36 MP: 6/12
  3763 | D:5      | Entered Level 5 of the Dungeon
  3867 | D:5      | Learned a level 3 spell: Ozocubu's Armour
  4224 | D:5      | Noticed an unseen horror
  4225 | D:5      | Noticed a gargoyle
  4292 | D:5      | Reached XP level 8. HP: 41/42 MP: 9/13
  5071 | D:6      | Found a staircase to the Ecumenical Temple.
  5082 | Temple   | Entered the Ecumenical Temple
  5325 | D:6      | Found Jeok's Antique Weapon Shop.
  5759 | D:6      | Reached skill level 5 in Unarmed Combat
  6032 | D:6      | Found a runed translucent door.
  6033 | D:6      | Noticed Crazy Yiuf
  6200 | D:7      | Reached skill level 5 in Fighting
  6208 | D:7      | Reached XP level 9. HP: 36/47 MP: 4/15
  7486 | D:8      | Found a staircase to the Lair.
  7517 | D:8      | Reached skill level 5 in Shapeshifting
  7610 | D:8      | Noticed a komodo dragon
  7925 | D:9      | Noticed a troll
  7937 | D:9      | Killed a troll
  7938 | D:9      | Reached XP level 10. HP: 38/53 MP: 5/17
  7998 | D:9      | Found a shimmering blue altar of Sif Muna.
  8000 | D:9      | Found an ornate altar of the Wu Jian Council.
  8025 | D:9      | Became a worshipper of the Wu Jian Council
  8100 | D:9      | Found a flagged portal.
  8129 | Bailey   | Entered a bailey
  9014 | Bailey   | Noticed an orc sorcerer
  9033 | Bailey   | Killed an orc sorcerer
  9323 | Bailey   | Reached * piety under Wu Jian
  9371 | Bailey   | Reached skill level 10 in Dodging
  9608 | Bailey   | Found an iron altar of Okawaru.
  9608 | Bailey   | Noticed an orc sorcerer
  9611 | Bailey   | Killed an orc sorcerer
  9776 | Bailey   | Acquired 807 gold pieces
  9778 | Bailey   | Acquired the ring of Uquehi {Fly rF+ Will+}
 10225 | D:9      | Found an iron altar of Okawaru.
 10483 | D:9      | Reached XP level 11. HP: 58/58 MP: 18/18
 10767 | D:10     | Entered Level 10 of the Dungeon
 11100 | D:10     | Identified the +2 chain mail of Prudence {SInv}
 11136 | D:10     | Reached ** piety under Wu Jian
 11311 | D:10     | Found a stormy altar of Qazlal.
 11625 | D:11     | Noticed a centaur warrior
 11630 | D:11     | Killed a centaur warrior
 11705 | D:11     | Noticed a two-headed ogre
 11716 | D:11     | Killed a two-headed ogre
 11943 | D:11     | Noticed a skeletal warrior
 11962 | D:10     | Upgraded the game from 0.32-a0-12-g7fc57aa741 to
                  | 0.32-a0-17-gb74e046682
 12014 | D:11     | Found a staircase to the Orcish Mines.
 12048 | D:11     | Noticed a two-headed ogre
 12085 | D:11     | Noticed a two-headed ogre
 12086 | D:11     | Killed a two-headed ogre
 12097 | D:11     | Killed a two-headed ogre
 12293 | D:11     | Noticed a centaur warrior
 12296 | D:11     | Shot with an arrow by a centaur warrior
 12296 | D:11     | Lost a life (1 life remaining)
 12461 | Lair:1   | Entered Level 1 of the Lair of Beasts
 12803 | Lair:1   | Gained mutation: Your thick and shaggy fur keeps you warm.
                  | (AC +3, rC+) [Felid growth]
 12803 | Lair:1   | Reached XP level 12. HP: 60/65 MP: 4/19
 12803 | Lair:1   | Gained a life (2 lives remaining)
 13389 | Lair:1   | Reached *** piety under Wu Jian
 13498 | Lair:1   | Identified the +5 lajatang of Death's Door {spect, rElec
                  | rF+ Will+ Stlth-}
 13752 | Lair:2   | Acquired the ring of the Blind Eye {rC+ EV+5 Str+4}
 13847 | Lair:2   | Reached skill level 10 in Shapeshifting
 14052 | Lair:2   | Noticed a seven-headed hydra
 14067 | Lair:2   | Killed a seven-headed hydra
 14196 | Lair:2   | Found a staircase to the Snake Pit.
 14865 | Lair:3   | Reached skill level 10 in Unarmed Combat
 14927 | Lair:3   | Reached skill level 10 in Fighting
 14995 | Lair:3   | Identified the ring "Huolus" {rC+ rN+ Will- MP+9}
 15090 | Lair:3   | Noticed an eight-headed hydra
 15102 | Lair:3   | Killed an eight-headed hydra
 15226 | Lair:3   | Found a staircase to the Swamp.
 15308 | Lair:3   | Found a dark tunnel.
 15369 | Volcano  | Entered a volcano
 15583 | Volcano  | Reached XP level 13. HP: 22/72 MP: 9/20
 15583 | Volcano  | Killed from afar by a gargoyle
 15583 | Volcano  | Lost a life (1 life remaining)
 16991 | Lair:3   | Reached **** piety under Wu Jian
 17862 | Lair:4   | Reached skill level 15 in Dodging
 18114 | Lair:4   | Found a viscous altar of Jiyva.
 18114 | Lair:4   | Found a staircase to the Slime Pits.
 18794 | Lair:5   | Entered Level 5 of the Lair of Beasts
 19109 | Lair:5   | Reached ***** piety under Wu Jian
 19115 | Lair:5   | Reached XP level 14. HP: 79/79 MP: 2/21
 19115 | Lair:5   | Gained a life (2 lives remaining)
 22150 | D:11     | Found a shimmering altar of Xom.
 22947 | D:11     | Found Fiaf's Distillery.
 22957 | D:11     | Bought a potion of curing for 33 gold pieces
 22957 | D:11     | Bought a potion of curing for 33 gold pieces
 22957 | D:11     | Bought a potion of might for 44 gold pieces
 22957 | D:11     | Bought 2 potions of might for 88 gold pieces
 23504 | D:12     | Reached XP level 15. HP: 85/85 MP: 8/22
 24125 | D:12     | Learned a level 1 spell: Apportation
 24580 | D:13     | Found an ancient bone altar of Kikubaaqudgha.
 24694 | D:13     | Identified the ring "Goab" {Fire Str+5 Slay-6}
 24903 | D:13     | Identified the +3 short sword "Dragon's Bane" {elec, rElec
                  | rN+ Stlth+}
 25435 | D:13     | Reached ****** piety under Wu Jian
 25500 | D:13     | Identified the +8 quarterstaff "Foacvear" {freeze, Str+3
                  | Int+4 Dex-4}
 25764 | D:14     | Found a gate to the Vaults.
 25969 | D:14     | Noticed Rupert
 25986 | D:14     | Killed Rupert
 26032 | D:14     | Noticed Lodul
 26045 | D:14     | Killed Lodul
 26470 | D:15     | Entered Level 15 of the Dungeon
 26515 | D:15     | Found a shimmering altar of Xom.
 26717 | D:15     | Reached XP level 16. HP: 42/93 MP: 21/23
 27501 | D:15     | Found a staircase to the Depths.
 28100 | Orc:1    | Entered Level 1 of the Orcish Mines
 28162 | Orc:2    | Entered Level 2 of the Orcish Mines
 28396 | Orc:2    | Found Etuitir Ufij's Book Emporium.
 28396 | Orc:2    | Found Jalei's Armour Shop.
 28398 | Orc:2    | Found Olett's General Store.
 28400 | Orc:2    | Found Rigraegh's Antique Weapon Shoppe.
 28452 | Orc:2    | Bought a scroll of fear for 40 gold pieces
 28452 | Orc:2    | Bought a scroll of teleportation for 30 gold pieces
 28452 | Orc:2    | Bought a scroll of fear for 40 gold pieces
 28452 | Orc:2    | Bought a scroll of fear for 40 gold pieces
 28631 | Orc:2    | Found a staircase to the Elven Halls.
 29403 | Snake:1  | Entered Level 1 of the Snake Pit
 29824 | Snake:1  | Identified the serpent talisman of the Several Suns {rC+
                  | Dex+5}
 29824 | Snake:1  | Noticed Aizul
 29837 | Snake:1  | Killed Aizul
 31355 | Snake:2  | Reached skill level 15 in Unarmed Combat
 31715 | Snake:2  | Reached skill level 15 in Fighting
 31901 | Snake:2  | Slain by a black mamba
 31901 | Snake:2  | Lost a life (1 life remaining)
 32012 | Snake:2  | Reached XP level 17. HP: 99/99 MP: 24/24
 32012 | Snake:2  | Gained a life (2 lives remaining)
 33163 | Snake:4  | Entered Level 4 of the Snake Pit
 33344 | Snake:4  | Noticed Bai Suzhen
 33351 | Snake:4  | Killed Bai Suzhen
 33354 | Snake:4  | Got a serpentine rune of Zot
 33557 | Snake:4  | Found a transporter.
 33567 | Snake:4  | Found a bloodstained altar of Trog.
 33567 | Snake:4  | Noticed Yschutux's ghost (adept DrMo)
 33613 | Snake:4  | Found a transporter.
 33963 | Snake:4  | Found Jynur's Jewellery Shoppe.
 33971 | Snake:4  | Bought a granite talisman for 780 gold pieces
 33971 | Snake:4  | Bought a storm talisman for 1040 gold pieces
 34261 | Swamp:1  | Entered Level 1 of the Swamp
 34335 | Swamp:1  | Reached skill level 15 in Shapeshifting
 34338 | Swamp:1  | Noticed Roxanne
 34338 | Swamp:1  | Noticed Louise
 34362 | Swamp:1  | Killed Louise
 34556 | Swamp:1  | Noticed Frances
 34564 | Swamp:1  | Killed Frances
 34866 | Swamp:1  | Found the +3 pair of gauntlets of War {Slay+5}
 34872 | Swamp:1  | Identified the +5 broad axe "Rabesuj" {flame, *Rage Int+4
                  | Dex+2 SInv}
 34984 | Swamp:1  | Killed Roxanne
 35161 | Swamp:2  | Reached XP level 18. HP: 105/105 MP: 25/25
 35268 | Swamp:2  | Found a transporter.
 35271 | Swamp:2  | Found a transporter.
 35271 | Swamp:2  | Noticed CougarLife's ghost (adept GnFi)
 36623 | Swamp:4  | Entered Level 4 of the Swamp
 36697 | Swamp:4  | Got a decaying rune of Zot
 37492 | Elf:1    | Entered Level 1 of the Elven Halls
 37495 | Elf:1    | Found a shimmering blue altar of Sif Muna.
 37680 | Elf:1    | Found Jageekk's Antique Weapon Emporium.
 37695 | Elf:1    | Found Ywacemuy's Jewellery Shoppe.
 37938 | Elf:1    | Found Moaxtow's General Store.
 37946 | Elf:1    | Bought a potion of curing for 39 gold pieces
 38275 | Elf:1    | Found a radiant altar of Vehumet.
 38708 | Elf:2    | Found a runed translucent gate.
 38709 | Elf:2    | Found a runed translucent gate.
 38709 | Elf:2    | Found a runed translucent gate.
 38801 | Elf:2    | Reached XP level 19. HP: 102/109 MP: 26/26
 38899 | Elf:2    | Found a runed translucent gate.
 38899 | Elf:2    | Found a runed translucent gate.
 38901 | Elf:2    | Found a runed translucent gate.
 38901 | Elf:2    | Noticed Jabb's ghost (adept DsGl)
 38913 | Elf:2    | Killed Jabb's ghost
 38917 | Elf:2    | Identified the amulet "Gairiorph" {RegenMP +Inv Str+3}
 39153 | Elf:3    | Entered Level 3 of the Elven Halls
 39244 | Elf:3    | Paralysed by an air elemental for 1 turns
 39257 | Elf:3    | Found a transporter.
 39263 | Elf:3    | Noticed tmcgee265's ghost (adept FoBr)
 39343 | Elf:3    | Found a transporter.
 39354 | Elf:3    | Mangled by tmcgee265's ghost
 39354 | Elf:3    | Lost a life (1 life remaining)
 39598 | Elf:3    | HP: 7/141 [deep elf master archer/arrow (14)]
 39684 | Elf:3    | Identified the ring "Fewax" {rPois rN+ Str+4 Dex-2}
 39699 | Elf:3    | Got the Spellbook of the Chthonic Cumulonimbus
 39709 | Elf:3    | Identified the +5 quick blade "Reruluno" {venom, rC++
                  | Str+5}
 39851 | Elf:3    | Identified the +9 shortbow "Joejiwk" {freeze, rF- rCorr
                  | Dex+7}
 39899 | Elf:3    | Identified the +2 glaive "Jionnif" {vamp, ^Contam rC+++
                  | Will+++}
 39981 | Elf:3    | Identified the +5 scale mail of Inviolability {rCorr Dex+3}
 40292 | Vaults:1 | Entered Level 1 of the Vaults
 40844 | Vaults:1 | Found a shimmering blue altar of Sif Muna.
 40991 | Vaults:1 | Found Onai's General Store.
 40999 | Vaults:1 | Bought a phial of floods for 600 gold pieces
 41059 | Vaults:1 | Found a runed translucent gate.
 41059 | Vaults:1 | Found a runed translucent gate.
 41059 | Vaults:1 | Found a runed translucent gate.
 41060 | Vaults:1 | Noticed Doesme's ghost (adept GnCA)
 41060 | Vaults:1 | Noticed Qecvurom's ghost (adept DrRe)
 41343 | Vaults:1 | Found an ancient bone altar of Kikubaaqudgha.
 41343 | Vaults:1 | Noticed a dread lich
 41343 | Vaults:1 | Noticed an ancient lich
 41525 | Vaults:2 | Found a staircase to the Crypt.
 42049 | Vaults:2 | Found Ruoxocud's Antique Armour Shoppe.
 42391 | Vaults:2 | Reached XP level 20. HP: 115/115 MP: 24/27
 42391 | Vaults:2 | Gained a life (2 lives remaining)
 43192 | Vaults:3 | Found Jusiph's General Store.
 43201 | Vaults:3 | Bought a potion of curing for 57 gold pieces
 43201 | Vaults:3 | Bought a potion of magic for 152 gold pieces
 43452 | Vaults:3 | Found Maxatihu's Book Shop.
 43536 | Vaults:3 | Bought a book of Battle for 494 gold pieces
 43540 | Vaults:3 | Learned a level 3 spell: Fugue of the Fallen
 43562 | Vaults:3 | Identified the +11 battleaxe of Amolen {drain, MP+9}
 43564 | Vaults:3 | Identified the +2 orcbow "Abier" {elec, rElec rF++ Will-
                  | rCorr}
 43648 | Vaults:3 | You are sucked into a shaft and drop 1 floor!
 43661 | Vaults:4 | Found Arphum's Jewellery Boutique.
 43744 | Vaults:4 | Reached skill level 1 in Necromancy
 44198 | Vaults:4 | Found Welapsopn's Antique Armour Shop.
 44741 | Vaults:4 | Reached skill level 5 in Necromancy
 44753 | Vaults:4 | Found Voduuci's Antique Armour Emporium.
 44865 | Vaults:4 | Found Atixip's Antique Armour Shop.
 45303 | Vaults:5 | Entered Level 5 of the Vaults
 45321 | Vaults:5 | Reached XP level 21. HP: 80/120 MP: 28/28
 45408 | Vaults:5 | Noticed a golden dragon
 45412 | Vaults:5 | Killed a golden dragon
 45446 | Vaults:5 | Identified the staff of the Filigreed God {rPois rC+ Ice}
 45693 | Vaults:5 | Identified the +2 leather armour "Lepn" {rF+ rC+++}
 45879 | Vaults:5 | Identified the +5 orcbow of Honoe {freeze, rCorr Stlth+}
 46095 | Vaults:5 | Identified the orb "Hosmamai" {*channel, Int+3 SInv Tloc}
 46095 | Vaults:5 | Noticed Frederick
 46102 | Vaults:5 | Killed Frederick
 46147 | Vaults:5 | Got the Compilation of the Polluted Tesseract
 46188 | Vaults:5 | Identified the ring of Leaves {rN+ MP+9 Str+6 Dex-5}
 46421 | Vaults:5 | Got a silver rune of Zot
 46427 | Vaults:5 | Got the Collected Works on the Mountains and Vapour
 46455 | Vaults:5 | Got the Incunabulum of Glamour and Frost
 46646 | Vaults:5 | Found the +7 great mace "Firestarter" {flame, immolate,
                  | rFlCloud rF++}
 46899 | Vaults:1 | Killed a dread lich
 46900 | Vaults:1 | Reached skill level 1 in Invocations
 46901 | Vaults:1 | Killed Doesme's ghost
 46909 | Vaults:1 | Killed an ancient lich
 46920 | Vaults:1 | Killed Qecvurom's ghost
 46925 | Vaults:1 | Identified the amulet "Ethoc" {Faith Harm Will- SInv
                  | Stlth-}
 46928 | Vaults:1 | Got the Cyclopedia of Baleful Superposition
 46929 | Vaults:1 | Identified the ring "Ziupon" {Fire rCorr}
 47047 | Depths:1 | Entered Level 1 of the Depths
 47101 | Depths:1 | Reached XP level 22. HP: 123/130 MP: 23/29
 47145 | Depths:1 | Found a gateway to Hell.
 47381 | Depths:1 | Found Lemolic's Antique Weapon Emporium.
 47385 | Depths:1 | Found Fyemetus's Weapon Shoppe.
 47404 | Depths:1 | Reached skill level 5 in Invocations
 47573 | Depths:1 | Found a runed translucent gate.
 47573 | Depths:1 | Found a runed translucent gate.
 47573 | Depths:1 | Found a runed translucent gate.
 47576 | Depths:1 | Noticed Fiun's ghost (veteran GnWn)
 47706 | Depths:1 | Found the +9 sword of Zonguldrok {reap}
 47916 | Depths:2 | Noticed a golden dragon
 47953 | Depths:2 | Killed a golden dragon
 48076 | Depths:2 | Found a one-way gate leading to the halls of Pandemonium.
 48151 | Depths:2 | Found a one-way gate to the infinite horrors of the Abyss.
 48168 | Depths:2 | Found a one-way gateway to a ziggurat.
 48169 | Depths:2 | Identified the +7 tower shield "Tiunt" {rPois rN+ Dex-2}
 48674 | Depths:2 | Noticed a golden dragon
 48698 | Depths:2 | Killed a golden dragon
 49505 | Depths:3 | Reached XP level 23. HP: 137/137 MP: 25/30
 50103 | Depths:3 | Found a glowing silver altar of Zin.
 50366 | Depths:3 | Reached skill level 10 in Invocations
 50453 | Depths:3 | Noticed a caustic shrike
 50457 | Depths:3 | Noticed a caustic shrike
 50466 | Depths:3 | Noticed a juggernaut
 50470 | Depths:3 | Killed a caustic shrike
 50475 | Depths:3 | Killed a caustic shrike
 50481 | Depths:3 | Killed a juggernaut
 50819 | Depths:4 | Entered Level 4 of the Depths
 50922 | Depths:4 | Found the +8 demon blade "Leech" {evervamp, Harm ^Drain
                  | rN+}
 51332 | Depths:4 | Reached XP level 24. HP: 94/142 MP: 21/34
 51343 | Depths:4 | Found a runed translucent door.
 51343 | Depths:4 | Found a runed translucent door.
 51410 | Depths:4 | Found a gate to the Realm of Zot.
 51433 | Depths:4 | Found a runed translucent door.
 51433 | Depths:4 | Found a runed translucent door.
 51459 | Depths:4 | Found a runed translucent door.
 51462 | Depths:4 | Found a runed translucent door.
 51911 | Zot:1    | Entered Level 1 of the Realm of Zot
 52061 | Zot:1    | Reached skill level 15 in Invocations
 52110 | Zot:1    | Noticed an orb of fire
 52115 | Zot:1    | Killed an orb of fire
 53454 | Zot:2    | Annihilated by a nargun
 53454 | Zot:2    | Lost a life (1 life remaining)
 54462 | Zot:2    | Identified the +2 leather armour "Omupun" {Regen+}
 54698 | Zot:2    | You are sucked into a shaft and drop 2 floors!
 54928 | Zot:3    | Noticed an orb of fire
 54929 | Zot:3    | Gained mutation: Your magical capacity is low. (-10% MP)
                  | [an orb of fire]
 54931 | Zot:3    | Killed an orb of fire
 55032 | Zot:3    | Reached XP level 25. HP: 82/147 MP: 5/34
 55032 | Zot:3    | Gained a life (2 lives remaining)
 56673 | Zot:5    | Entered Level 5 of the Realm of Zot
 57134 | Zot:5    | Noticed an orb of fire
 57134 | Zot:5    | Noticed a dread lich
 57139 | Zot:5    | Killed an orb of fire
 57139 | Zot:5    | Noticed an orb of fire
 57139 | Zot:5    | Noticed a Killer Klown
 57144 | Zot:5    | Killed an orb of fire
 57145 | Zot:5    | Killed a dread lich
 57148 | Zot:5    | Noticed an orb of fire
 57150 | Zot:5    | Killed a Killer Klown
 57153 | Zot:5    | Noticed a Killer Klown
 57155 | Zot:5    | Noticed a dread lich
 57155 | Zot:5    | Noticed a Killer Klown
 57155 | Zot:5    | Killed an orb of fire
 57157 | Zot:5    | Killed a Killer Klown
 57162 | Zot:5    | Killed a dread lich
 57163 | Zot:5    | Noticed a dread lich
 57169 | Zot:5    | Killed a Killer Klown
 57174 | Zot:5    | Killed a dread lich
 57198 | Zot:5    | Got the Orb of Zot
 57200 | Zot:5    | Noticed a Killer Klown
 57201 | Zot:5    | Noticed a dread lich
 57201 | Zot:5    | Noticed an orb of fire
 57205 | Zot:5    | Killed an orb of fire
 57205 | Zot:5    | Noticed a Killer Klown
 57210 | Zot:5    | Killed a dread lich
 57217 | Zot:5    | Killed a Killer Klown
 57217 | Zot:5    | Noticed a Killer Klown
 57218 | Zot:5    | Reached XP level 26. HP: 152/152 MP: 28/35
 57232 | Zot:5    | Noticed an ancient lich
 57238 | Zot:5    | Killed an ancient lich
 57479 | Depths:3 | Noticed Oqieporch the pandemonium lord
 57511 | Depths:2 | Gained mutation: You occasionally lose the ability to read
                  | scrolls when taking damage. [a cacodemon]
 57520 | Depths:2 | Lost mutation: You occasionally lose the ability to read
                  | scrolls when taking damage. [potion of mutation]
 57520 | Depths:2 | Lost mutation: Your magical capacity is low. (-10% MP)
                  | [potion of mutation]
 57520 | Depths:2 | Gained mutation: Your system is resistant to poisons.
                  | (rPois) [potion of mutation]
 57520 | Depths:2 | Gained mutation: You passively map a small area around you.
                  | [potion of mutation]
 57520 | Depths:2 | Gained mutation: You have an increased reservoir of magic.
                  | (+10% MP) [potion of mutation]
 57782 | Temple   | Fell from the grace of Wu Jian
 57782 | Temple   | Became a worshipper of Uskayaw the Reveller
 57846 | Temple   | Reached * piety under Uskayaw
 57848 | Temple   | Fell from the grace of Uskayaw
 57848 | Temple   | Became a worshipper of the Shining One
 58161 | D:1      | Reached * piety under the Shining One
 58921 | D:1      | Reached ** piety under the Shining One
 59667 | D:1      | Noticed Liph the pandemonium lord
 59685 | D:1      | Killed Liph the pandemonium lord
 59911 | D:1      | Reached *** piety under the Shining One
 59983 | D:1      | Noticed a seraph
 59998 | D:1      | Killed a seraph
 60036 | D:$      | Escaped with the Orb!

Illustrated notes

Levels and vault maps discovered:
D:1:      dpeg_arrival_court, layout_basic, minmay_misc_feat_more_columns
D:2:      layout_rooms, basic_altar, uniq_natasha
D:3:      layout_loops_ring, xom_butterflies
D:4:      layout_rooms, enter_ossuary_2, kennysheep_generic_room_5
D:5:      kb_forest_paths, layout_basic, lightli_corner_chamber
D:6:      layout_gridville, minmay_temple_entry_drinking_statues, serial_shops,
          nicolae_shop_temple_entry_statues_fountains, uniq_crazy_yiuf_cottage
D:7:      layout_rooms
D:8:      layout_cave_pools, david_lair_shrubbed, david_defended_altar_orc
D:9:      layout_basic, mainiacjoe_overflow_24_doors,
          nicolae_overflow_hidden_temple, enter_bailey_3, grunt_ministairs_10
D:10:     layout_rooms, nicolae_qazlal_style_of_elements, serial_curves,
          eino_curves_02, eino_curves_04, eino_curves_02, eino_curves_03
D:11:     hangedman_cross_cluster, layout_basic, serial_shops,
          nicolae_shop_waterfront
D:12:     layout_irregular_city, kennysheep_flooded_box, nicolae_splish_splash
D:13:     evilmike_negative_zone, layout_stronghold
D:14:     layout_rooms, lightli_vaults_fourway_checkpoint, nrook_campfire,
          minmay_misc_feat_secret_circle, uniq_lodul, uniq_rupert
D:15:     gammafunk_depths_entry_grave, layout_cave_pools, led_xom_imps
Temple:   minmay_crystal_spiral_temple
Lair:1:   layout_long_grid, pdpol_lair_cavern_descent
Lair:2:   layout_roguey, nicolae_snake_entry_warm_welcome, minivault_25
Lair:3:   layout_gridlike, mainiacjoe_swamp_entry_lozenge_pond,
          lightli_volcano_entry_magma_tube, st_stairs_3, minivault_24,
          minivault_23, serial_bayou_shore_a
Lair:4:   layout_regular_city, slime_entry_1, serial_bayou_ford_a,
          grunt_megastairs_2
Lair:5:   due_jungle_book, layout_regular_city
Swamp:1:  layout_falls_marsh, nicolae_swamp_orc_logging_accident, uniq_louise,
          uniq_roxanne, uniq_frances
Swamp:2:  layout_basic_swamp, gammafunk_ghost_mausoleum,
          evilmike_swamp_ruin_rubble_2
Swamp:3:  layout_falls_marsh, nicolae_swamp_ascending_descending, swamp_pool_3,
          nicolae_swamp_tree_isthmus
Swamp:4:  swamp_alternative, layout_basic_swamp
Snake:1:  layout_chambers, uniq_aizul
Snake:2:  layout_gridlike, nicolae_snake_salamander_zone
Snake:3:  layout_rooms
Snake:4:  snake_pit, layout_cave_town, gammafunk_ghost_wrathful_warriors,
          serial_shops, shop, uniq_bai_suzhen
Orc:1:    layout_caves, nicolae_orc_sculptors_studio,
          nicolae_orc_takin'_care_of_business
Orc:2:    st_orc_rangers, layout_caves
Elf:1:    layout_gridlike, serial_shops, shop, nicolae_shop_behind_doors, shop,
          nicolae_elf_blasts_and_bolts, hangedman_feature_mirror
Elf:2:    nicolae_elf_blades_crystal_corner, layout_geoelf_grid,
          ebering_ghost_rock_garden
Elf:3:    minmay_elf_hall_spiked, layout_gridlike,
          gammafunk_ghost_berserking_beasts
Vaults:1: gammafunk_ghost_crypt, vaults_dpeg_emergency_exit,
          nicolae_vaults_alarming, nicolae_vaults_storage_room_doors,
          nicolae_vaults_yaktaur_gun_rack,
          serial_library_hellmonk_narrow_alcove, hangedman_vaults_cutoff,
          nicolae_vaults_tetromino_T_2, layout_vaults_quadrants, serial_shops,
          shop
Vaults:2: nicolae_vaults_tetromino_T_1, v_misc_12, nicolae_vaults_statue_guard,
          nicolae_vaults_trapezoid_4, v_pattern_5,
          nicolae_vaults_closet_pinwheel_5, minmay_crypt_entry_simple_sparse,
          nicolae_vaults_house_3, grunt_vaults_twisty, v_misc_27, v_misc_9,
          layout_vaults_omnibox, serial_shops, nicolae_shop_rolling_square
Vaults:3: mu_enter_wizlab_1, nicolae_vaults_sesquioval_fish,
          hangedman_vaults_locks, v_misc_16, nicolae_vaults_bisected_exclaves,
          ontoclasm_vaults_loading_screen, vaults_room_hallway,
          vaults_room_octagon, vaults_room_stairs_pillars, v_alt_pattern_6,
          nicolae_vaults_weapon_check, nicolae_vaults_shipping_containers_7,
          nicolae_vaults_closet_pinwheel_4, nicolae_vaults_theta,
          layout_vaults_omnicross, serial_shops, shop, nicolae_shop_statue_plus
Vaults:4: nicolae_vaults_closet_pinwheel_4, nicolae_vaults_trapezoid_1,
          nicolae_vaults_steering_wheel, v_misc_13, vaults_room_octagon,
          v_misc_23, nicolae_vaults_big_ls, v_misc_19, grunt_vaults_funnel,
          nicolae_vaults_offset_grid_hallway_1, v_misc_15,
          nicolae_vaults_shelves_hall, vaults_mumra_hex, nicolae_vaults_house_2,
          ontoclasm_vaults_loading_screen, layout_vaults_ring, serial_shops,
          nicolae_shop_tiny_real_fake_doors, shop, shop,
          nicolae_shop_behind_doors
Vaults:5: serial_shops, uniq_frederick
Depths:1: layout_forbidden_donut, gammafunk_ghost_tricky_traps, chequers_jeans,
          hellmouth_3, kennysheep_just_a_vault, minmay_shoptagon
Depths:2: hangedman_arch_fort, layout_basic, enter_ziggurat_c,
          abyss_entry_glasseish, grunt_hell_entry_dis_mu, pan_entry,
          serial_curves, eino_curves_03, eino_curves_04
Depths:3: kennysheep_snake, layout_small_grid, abyss_entry, zin_angel,
          hell_entry
Depths:4: evilmike_zot_entry_castle, layout_gridville, abyss_entry, hellmouth_1,
          nicolae_sextant
Zot:1:    lemuel_firehouse, layout_concentric_octagons, st_small_dragon_hoard_5
Zot:2:    layout_onion, regret_index_zotdec_tunneler,
          nicolae_rock_paper_scissors
Zot:3:    layout_misc_corridors, regret_index_zotdec_banners
Zot:4:    layout_basic, regret_index_zotdec_gossamer_parallel
Zot:5:    layout_twisted_circle, bh_zot_lava_cross

Skill      XL: |  1  2  3  4  5  6  7  8  9 10 11 12 13 14 15 16 17 18 19 20 21 22 23 24 25 26 |
---------------+-------------------------------------------------------------------------------+-----
Dodging        | 3 4 5 6 7 9 10 12 13 15 16 18 19 20 21 23 | 23.4
Fighting       | 1 2 3 5 6 7 8 10 11 12 14 15 16 18 20 21 | 21.0
Unarmed Combat | 1 2 3 5 6 7 8 10 11 13 14 15 16 18 20 21 | 21.0
Ice Magic      | 4 |  4.0
Spellcasting   | 3 4 |  4.0
Summonings     | 1 2 3 |  3.0
Shapeshifting  | 1 2 3 5 7 9 10 11 12 13 14 15 18 20 22 23 | 23.0
Necromancy     | 5 |  5.0
Invocations    | 2 8 14 19 23 | 23.5
Stealth        | |  2.6

Action                     |  1- 3 |  4- 6 |  7- 9 | 10-12 | 13-15 | 16-18 | 19-21 | 22-24 | 25-27 || total
---------------------------+-------+-------+-------+-------+-------+-------+-------+-------+-------++-------
  Melee: Unarmed           |     5 |    68 |   170 |   539 |  1057 |  1360 |  1311 |  1220 |   633 ||  6363
         Bite              |     3 |     4 |    19 |    85 |   186 |   175 |   135 |       |       ||   607
         Punch             |       |     1 |     9 |    46 |   134 |   159 |   153 |   194 |   122 ||   818
         Maw               |       |       |       |    69 |   488 |   287 |       |       |       ||   844
   Cast: Freeze            |    48 |    23 |    24 |       |       |       |     1 |       |       ||    96
         Frozen Ramparts   |     1 |    13 |    25 |    54 |    45 |    11 |       |       |       ||   149
         Summon Ice Beast  |       |     4 |    38 |    95 |    98 |    11 |     1 |       |       ||   247
         Ozocubu's Armour  |       |       |     1 |    28 |    30 |     1 |       |       |       ||    60
         Fugue of the Fall |       |       |       |       |       |       |     6 |    27 |     7 ||    40
 Invoke: Serpent's Lash    |       |       |       |     1 |    12 |    15 |    16 |     8 |     5 ||    57
         Heavenly Storm    |       |       |       |       |       |     3 |     3 |       |     1 ||     7
         Cleansing Flame   |       |       |       |       |       |       |       |       |     3 ||     3
Ability: Whirlwind         |       |       |       |    55 |   237 |   453 |   377 |    85 |   137 ||  1344
         Lunge             |       |       |       |    24 |    52 |   148 |   128 |    92 |    40 ||   484
         Wall Jump         |       |       |       |       |       |       |     2 |       |       ||     2
         Blinkbolt         |       |       |       |       |       |       |     5 |    14 |     9 ||    28
  Evoke: Wand              |       |       |     1 |    23 |    19 |     4 |     1 |       |     2 ||    50
    Use: Scroll            |     1 |    11 |     2 |    16 |     7 |     3 |     6 |     8 |     1 ||    55
         Potion            |       |       |     2 |     4 |       |     7 |    12 |       |     5 ||    30
   Stab: Sleeping          |       |     3 |     7 |     3 |    10 |    11 |     6 |     3 |     1 ||    44
         Distracted        |       |       |     3 |     5 |    15 |     1 |     4 |     1 |     1 ||    30
         Invisible         |       |       |       |       |     5 |     2 |       |       |       ||     7
         Petrified         |       |       |       |       |     5 |       |       |       |       ||     5
 Armour: Skin              |    15 |    33 |    80 |   180 |   236 |   357 |   369 |   196 |    84 ||  1550
  Dodge: Dodged            |    24 |    51 |   152 |   562 |  1052 |  1433 |  1527 |  1393 |   586 ||  6780
  Block: Other             |       |     8 |    36 |   111 |   160 |   204 |    61 |       |       ||   580
         Reflection        |       |       |       |     5 |     3 |    21 |    11 |       |       ||    40
   Form: Maw               |       |       |       |     1 |       |       |       |       |       ||     1
         Statue            |       |       |       |       |       |     1 |       |       |       ||     1
         Storm             |       |       |       |       |       |       |     1 |       |       ||     1

Table legend: (Time is in decaauts)
 A = Elapsed time spent in this place.
 B = Non-inter-level travel time spent in this place.
 C = Inter-level travel time spent in this place.
 D = Time resting spent in this place.
 E = Time spent auto-exploring this place.
 F = Levels seen in this place.
 G = Mean time per level.
                   A        B        C        D        E       F      G
               +--------+--------+--------+--------+--------+-----+--------+
         Total |  64133 |  60170 |   3963 |   7859 |  39102 |  51 | 1257.5 |
       Dungeon |  19244 |  17756 |   1488 |   3453 |  10775 |  15 | 1282.9 |
        Temple |    122 |     68 |     54 |     34 |      0 |   1 |  122.0 |
          Lair |   8800 |   8223 |    577 |   1278 |   5190 |   5 | 1760.0 |
         Swamp |   4381 |   4153 |    228 |      0 |   3380 |   4 | 1095.2 |
     Snake Pit |   4723 |   4593 |    130 |    466 |   3274 |   4 | 1180.8 |
  Orcish Mines |   1285 |   1041 |    244 |      0 |    840 |   2 |  642.5 |
   Elven Halls |   3930 |   3662 |    268 |      0 |   2800 |   3 | 1310.0 |
        Vaults |   8703 |   8410 |    293 |    235 |   6286 |   5 | 1740.6 |
        Depths |   4749 |   4333 |    416 |      8 |   3261 |   4 | 1187.2 |
           Zot |   5354 |   5093 |    261 |    812 |   3174 |   5 | 1070.8 |
       Ossuary |    385 |    385 |      0 |     88 |     99 |   1 |  385.0 |
        Bailey |   1666 |   1666 |      0 |   1197 |      0 |   1 | 1666.0 |
       Volcano |    786 |    786 |      0 |    287 |     22 |   1 |  786.0 |
               +--------+--------+--------+--------+--------+-----+--------+

Top non-repeatable levels by time:
     D:1: 3266 daAuts
  Lair:5: 2913 daAuts
    D:11: 2279 daAuts
Vaults:3: 2141 daAuts
Vaults:1: 1819 daAuts
 Snake:1: 1677 daAuts
Vaults:2: 1676 daAuts
  Bailey: 1666 daAuts
   Zot:2: 1657 daAuts
  Lair:3: 1634 daAuts
Depths:2: 1610 daAuts
    D:15: 1590 daAuts
Vaults:4: 1580 daAuts
  Lair:4: 1576 daAuts
Vaults:5: 1486 daAuts
